Login

Hartford Wolf Pack vs Cleveland Monsters

Created - 04 May 2024 at 23:02

Goals
1 2 3 OT1 SO T
Hartford Wolf Pack 0 2 1 0 1 4
Cleveland Monsters 0 1 2 0 0 3
Shots
1 2 3 OT1 SO T
Hartford Wolf Pack 0 15 8 3 3 26
Cleveland Monsters 0 3 20 1 3 24

GoalsPenalties
1st period
No Goal
Josh Dunne (CLE) for Roughing (Minor) at 2:57
Nikolas Brouillard (HAR) for High sticking (Minor) at 19:47
2nd period
1. Hartford Wolf Pack , Jake Leschyshyn 16 (Turner Elson 16, Nikolas Brouillard 3) at 15:34 (PP)
2. Hartford Wolf Pack , Jake Leschyshyn 17 (Connor Mackey 6, Mac Hollowell 17) at 16:49
3. Cleveland Monsters , Josh Dunne 3 (Trey Fix-Wolansky 22) at 19:26
Nikolas Brouillard (HAR) for Interference (Minor) at 10:29
Brendan Gaunce (CLE) for High sticking (Minor) at 15:27
3rd period
4. Cleveland Monsters , Damien Giroux 14 (Tyler Angle 15) at 1:13 (PP)
5. Hartford Wolf Pack , Anton Blidh 18 (Riley Nash 20, Bobby Trivigno 13) at 2:37 (PP)
6. Cleveland Monsters , Brendan Gaunce 3 (Quinn Schmiemann 3, Damien Giroux 18) at 19:55 (PP)
Connor Mackey (HAR) for Interference (Minor) at 0:34
Mason Shaw (CLE) for Fighting (Major) at 1:56
Matt Rempe (HAR) for Fighting (Major) at 1:56
Mason Shaw (CLE) for instigated a fight (Minor) at 1:56
Mason Shaw (CLE) for instigated a fight (10 Minutes Misconduct) at 1:56
Anton Blidh (HAR) for Hooking (Minor) at 10:41
Quinn Schmiemann (CLE) for Slashing (Minor) at 16:03
Will Cuylle (HAR) for Roughing (Minor) at 19:18
Anton Blidh (HAR) for Hooking (Minor) at 19:58
Overtime #1
No Goal
Shootout
Hartford Wolf Pack, Lauri Pajuniemi - Shot Misses the Net
Cleveland Monsters, Tyler Angle - Stopped by Louis Domingue
Hartford Wolf Pack, Bobby Trivigno - Stopped by Craig Anderson
Cleveland Monsters, Mason Shaw - Shot Misses the Net
Hartford Wolf Pack, Adam Edstrom - Goal!
Cleveland Monsters, Justin Danforth - Shot Misses the Net
Goalie Stats
Louis Domingue (HAR), 21 saves from 24 shots - (0.875), W, 13-7-2, 65:00 minutes
Craig Anderson (CLE), 23 saves from 26 shots - (0.885), OTL, 14-5-3, 64:32 minutes
3 StarsOfficial
1 - Jake Leschyshyn (HAR)
2 - Damien Giroux (CLE)
3 - Mac Hollowell (HAR)
Referees : Justin St. Pierre and Brett Roeland
Linesman : Trent Knorr and Shaun Morgan
Game Note
Mason Shaw beats up Matt Rempe at 1:56 of 3rd period
Finance
Level 1 -- Attendance: 1920 (96.00%) -- Ticket Income $67,200
Level 2 -- Attendance: 890 (89.00%) -- Ticket Income $13,350
Total Attendance: 2810 (93.67%)
Total Ticket Income: $80,550
Other Income: $39,470
Total Income: $120,020



Team Name Goals Shots Shots Attemp Shots Blocked PIM HIT PP PK FO%
Hartford Wolf Pack 42650817172 / 4 (50%)253%
Cleveland Monsters 32447923212 / 6 (33%)247%

Hartford Wolf Pack
Player Name POS G A P +/- PIM HIT SHT SB MP PP MP PP SHT PK MP PK SHT FO% FOT GA TA
Adam EdstromC0000000010:410:0302:00033% 300
Adam SykoraRW000000003:110:0300:0000% 000
Anton BlidhLW101-1411019:552:0112:0100% 300
Bobby TrivignoC011-1012016:372:0100:00080% 501
Braden SchneiderD0000001015:230:0000:4700% 000
Brandon ScanlinD000000000:000:0000:0000% 000
Connor MackeyD0111210421:040:0001:2300% 010
Jake LeschyshynC2021026024:382:4214:38048% 2510
Karl HenrikssonC0000000012:010:0000:000100% 201
Lauri PajuniemiLW0000013021:432:4215:31050% 410
Mac HollowellD0111025326:412:1813:1400% 020
Matt RempeC000-1520014:030:0000:000100% 101
Matthew RobertsonD000-1010022:252:1806:2300% 000
Nikolas BrouillardD011-1412121:552:2803:4800% 001
Riley NashRW0111014020:222:0100:00067% 602
Ryan JonesD0000020020:042:2802:4900% 001
Turner ElsonLW0110022017:402:4201:36050% 600
Will CuylleLW0001200019:300:0300:4000% 010
Cleveland Monsters
Player Name POS G A P +/- PIM HIT SHT SB MP PP MP PP SHT PK MP PK SHT FO% FOT GA TA
Billy SweezeyD000-1023326:555:0313:0100% 000
Brendan GaunceC1010221018:083:0110:50033% 311
Cameron ButlerRW000001007:150:0500:1100% 000
Carson MeyerRW0000011017:460:0000:00058% 1202
Casey DornbachRW000000001:130:0000:0000% 000
Damien GirouxC1120014015:383:0140:0000% 000
Georgii MerkulovLW0000020114:410:0001:0100% 000
Jake ChristiansenD0000010120:372:1102:1300% 010
Josh DunneC1010203019:030:3200:20050% 400
Justin DanforthRW0000004122:294:1302:44067% 300
Mason ShawC00001741019:012:5201:54046% 1320
Ole Julian Bjorgvik-HolmD000000003:000:0000:3400% 100
Quinn SchmiemannD0110201221:275:0311:3600% 001
Samuel KnazkoD000-1000118:480:0000:0000% 001
Stanislav SvozilD0001001016:090:0000:0000% 020
Tim BerniD0001031024:042:1102:0800% 000
Trey Fix-WolanskyRW0110023023:274:0810:0000% 201
Tyler AngleC0110021023:483:5012:32047% 1710

Hartford Wolf Pack

5 vs 5 Forward
Line #Left WingCenterRight WingPHYDFOFWanted %Time %Time Play
1Riley NashJake LeschyshynWill Cuylle1224037%17:38
2Anton BlidhBobby TrivignoMatt Rempe1223032%15:22
3Turner ElsonKarl HenrikssonLauri Pajuniemi1222025%12:01
4Lauri PajuniemiMatt RempeAnton Blidh122105%2:33
5 vs 5 Defense
Line #DefenseDefensePHYDFOFWanted %Time %Time Play
1Mac HollowellConnor Mackey1224039%18:34
2Braden SchneiderRyan Jones1223032%15:26
3Matthew RobertsonNikolas Brouillard1222025%11:47
4Mac HollowellConnor Mackey122104%1:47
Power Play Forward
Line #Left WingCenterRight WingPHYDFOFWanted %Time %Time Play
1Lauri PajuniemiTurner ElsonJake Leschyshyn1226057%2:42
2Anton BlidhBobby TrivignoRiley Nash1224043%2:04
Power Play Defense
Line #DefenseDefensePHYDFOFWanted %Time %Time Play
1Matthew RobertsonMac Hollowell1226048%2:18
2Nikolas BrouillardRyan Jones1224052%2:28
Penalty Kill 4 Players Forward
Line #CenterWingPHYDFOFWanted %Time %Time Play
1Jake LeschyshynLauri Pajuniemi1226078%5:38
2Turner ElsonAnton Blidh1224022%1:36
Penalty Kill 4 Players Defense
Line #DefenseDefensePHYDFOFWanted %Time %Time Play
1Nikolas BrouillardMatthew Robertson1226091%6:35
2Mac HollowellRyan Jones122409%0:39
Penalty Kill 3 Players
Line #WingPHYDFOFWanted %Time %Time PlayDefenseDefensePHYDFOFWanted %Time %Time Play
1Anton Blidh12260100%1:58 Nikolas BrouillardMatthew Robertson1226060%1:11
2Riley Nash122400%0:00 Braden SchneiderRyan Jones1224040%0:47
4 vs 4 Forward
Line #CenterWingPHYDFOFWanted %Time %Time Play
1Riley NashTurner Elson122600%0:00
2Jake LeschyshynAnton Blidh122400%0:00
4 vs 4 Defense
Line #DefensePHYDFOFWanted %Time %Time Play
1Matthew RobertsonNikolas Brouillard122600%0:00
2Mac HollowellRyan Jones122400%0:00
Last Minutes Offensive
Left WingCenterRight WingDefenseDefense
Riley NashJake LeschyshynWill CuylleMac HollowellBraden Schneider
Last Minutes Defensive
Left WingCenterRight WingDefenseDefense
Riley NashJake LeschyshynWill CuylleMac HollowellBraden Schneider
Time
Total ForwardTotal DefenseLast Minutes OffensiveLast Minutes Defensive
61:58 61:58 0:000:26
Extra Forwards
Normal PowerPlayPenalty Kill
Adam Edstrom, Turner Elson, Lauri PajuniemiAdam Edstrom, Turner ElsonLauri Pajuniemi
Extra Defensemen
Normal PowerPlayPenalty Kill
Matthew Robertson, Nikolas Brouillard, Ryan JonesMatthew Robertson, Nikolas BrouillardMatthew Robertson
Penalty Shots
Lauri Pajuniemi, Bobby Trivigno, Adam Edstrom, Anton Blidh, Turner Elson
Goalie
Louis Domingue, Dylan Garand
Custom OT Lines Forwards
Will Cuylle, Riley Nash, Jake Leschyshyn, Anton Blidh, Turner Elson, Lauri Pajuniemi, Bobby Trivigno, Karl Henriksson, Matt Rempe, Adam Edstrom
Custom OT Lines Defensemen
Nikolas Brouillard, Mac Hollowell, Braden Schneider, Ryan Jones, Matthew Robertson
Scratches
Brett Berard (Healthy), Jacob Friend (Healthy), Ryder Korczak (Healthy), Olivier LeBlanc (Healthy), Olof Lindbom (Healthy)

Cleveland Monsters

5 vs 5 Forward
Line #Left WingCenterRight WingPHYDFOFWanted %Time %Time Play
1Josh DunneCarson MeyerTrey Fix-Wolansky1224039%18:28
2Justin DanforthTyler AngleMason Shaw1223030%14:20
3Georgii MerkulovBrendan GaunceDamien Giroux1222025%11:54
4Tyler AngleJustin DanforthMason Shaw122106%2:52
5 vs 5 Defense
Line #DefenseDefensePHYDFOFWanted %Time %Time Play
1Samuel KnazkoBilly Sweezey1224040%19:01
2Tim BerniStanislav Svozil1223029%13:58
3Jake ChristiansenQuinn Schmiemann1222024%11:34
4Tim BerniJake Christiansen122106%3:01
Power Play Forward
Line #Left WingCenterRight WingPHYDFOFWanted %Time %Time Play
1Justin DanforthMason ShawTrey Fix-Wolansky1226058%4:13
2Damien GirouxTyler AngleBrendan Gaunce1224042%3:01
Power Play Defense
Line #DefenseDefensePHYDFOFWanted %Time %Time Play
1Quinn SchmiemannBilly Sweezey1226070%5:03
2Tim BerniJake Christiansen1224030%2:11
Penalty Kill 4 Players Forward
Line #CenterWingPHYDFOFWanted %Time %Time Play
1Mason ShawJustin Danforth1226083%3:56
2Tyler AngleBrendan Gaunce1224017%0:50
Penalty Kill 4 Players Defense
Line #DefenseDefensePHYDFOFWanted %Time %Time Play
1Quinn SchmiemannBilly Sweezey1226075%3:35
2Tim BerniJake Christiansen1224025%1:11
Penalty Kill 3 Players
Line #WingPHYDFOFWanted %Time %Time PlayDefenseDefensePHYDFOFWanted %Time %Time Play
1Mason Shaw122600%0:00 Quinn SchmiemannStanislav Svozil122600%0:00
2Tyler Angle122400%0:00 Tim BerniJake Christiansen122400%0:00
4 vs 4 Forward
Line #CenterWingPHYDFOFWanted %Time %Time Play
1Mason ShawTrey Fix-Wolansky1226090%1:46
2Tyler AngleBrendan Gaunce1224010%0:12
4 vs 4 Defense
Line #DefensePHYDFOFWanted %Time %Time Play
1Jake ChristiansenStanislav Svozil1226063%60% - 1:14
2Tim BerniQuinn Schmiemann1224037%40% - 0:44
Last Minutes Offensive
Left WingCenterRight WingDefenseDefense
Tyler AngleMason ShawTrey Fix-WolanskyTim BerniBilly Sweezey
Last Minutes Defensive
Left WingCenterRight WingDefenseDefense
Tyler AngleMason ShawTrey Fix-WolanskyTim BerniBilly Sweezey
Time
Total ForwardTotal DefenseLast Minutes OffensiveLast Minutes Defensive
61:58 61:58 0:260:00
Extra Forwards
Normal PowerPlayPenalty Kill
Mason Shaw, Tyler Angle, Brendan GaunceMason Shaw, Tyler AngleTyler Angle
Extra Defensemen
Normal PowerPlayPenalty Kill
Jake Christiansen, Quinn Schmiemann, Tim BerniJake Christiansen, Jake ChristiansenQuinn Schmiemann
Penalty Shots
Tyler Angle, Mason Shaw, Justin Danforth, Brendan Gaunce, Trey Fix-Wolansky
Goalie
Craig Anderson, Jet Greaves
Custom OT Lines Forwards
Josh Dunne, Carson Meyer, Trey Fix-Wolansky, Cameron Butler, Mason Shaw, Tyler Angle, Brendan Gaunce, Damien Giroux, Justin Danforth, Georgii Merkulov
Custom OT Lines Defensemen
Stanislav Svozil, Samuel Knazko, Tim Berni, Quinn Schmiemann, Jake Christiansen
Scratches
Corson Ceulemans (Healthy), Hunter McKown (Healthy), Spencer Martin (Healthy)


Play-by-Play

1st period


0:01 of 1st period - Jake Leschyshyn wins face-off versus Carson Meyer in neutral zone.
2:57 of 1st period - Minor Penalty to Josh Dunne for Roughing.
2:58 of 1st period - Mason Shaw wins face-off versus Turner Elson in Cleveland Monsters zone.
3:11 of 1st period - Snap shot by Justin Danforth.
3:11 of 1st period - Shot Blocked by Mac Hollowell.
3:39 of 1st period - Anton Blidh is hit by Tim Berni and loses puck.
4:02 of 1st period - Off-side.
4:03 of 1st period - Mason Shaw wins face-off versus Turner Elson in neutral zone.
4:57 of 1st period - Penalty to Josh Dunne is over, Josh Dunne is back on ice.
5:12 of 1st period - Snap shot by Trey Fix-Wolansky.
5:12 of 1st period - Shot Misses the Net.
8:23 of 1st period - Trey Fix-Wolansky is hit by Connor Mackey and loses puck.
9:06 of 1st period - Riley Nash is hit by Tyler Angle and loses puck.
10:27 of 1st period - Will Cuylle is hit by Mason Shaw and loses puck.
10:38 of 1st period - Stanislav Svozil is hit by Lauri Pajuniemi and loses puck.
12:19 of 1st period - Anton Blidh is hit by Tim Berni and loses puck.
12:56 of 1st period - Karl Henriksson is hit by Mason Shaw and loses puck.
13:10 of 1st period - Icing by Jake Leschyshyn.
13:11 of 1st period - Carson Meyer wins face-off versus Adam Edstrom in Hartford Wolf Pack zone.
17:55 of 1st period - Tyler Angle is hit by Matthew Robertson.
18:47 of 1st period - Jake Leschyshyn is hit by Mason Shaw and loses puck.
19:47 of 1st period - Minor Penalty to Nikolas Brouillard for High sticking.
19:48 of 1st period - Lauri Pajuniemi wins face-off versus Mason Shaw in Hartford Wolf Pack zone.
Goals for this period are 0 for Hartford Wolf Pack vs 0 for Cleveland Monsters.
Shots for this period are 0 for Hartford Wolf Pack vs 0 for Cleveland Monsters.

2nd period


0:01 of 2nd period - Mason Shaw wins face-off versus Jake Leschyshyn in neutral zone.
0:07 of 2nd period - Off-side.
0:08 of 2nd period - Jake Leschyshyn wins face-off versus Mason Shaw in neutral zone.
0:21 of 2nd period - Snap shot by Mac Hollowell.
0:21 of 2nd period - Shot Blocked by Billy Sweezey.
0:23 of 2nd period - Snap shot by Jake Leschyshyn.
0:23 of 2nd period - Shot Blocked by Quinn Schmiemann.
0:41 of 2nd period - Snap shot by Damien Giroux.
0:41 of 2nd period - Stopped by Louis Domingue with a rebound.
1:47 of 2nd period - Penalty to Nikolas Brouillard is over, Nikolas Brouillard is back on ice.
2:08 of 2nd period - Anton Blidh is hit by Billy Sweezey and loses puck.
3:16 of 2nd period - Wrist shot by Lauri Pajuniemi.
3:16 of 2nd period - Stopped by Craig Anderson with a rebound.
3:46 of 2nd period - Justin Danforth is hit by Ryan Jones and loses puck.
4:40 of 2nd period - Matt Rempe is hit by Brendan Gaunce and loses puck.
8:00 of 2nd period - Matthew Robertson is hit by Cameron Butler.
10:11 of 2nd period - Off-side.
10:12 of 2nd period - Adam Edstrom wins face-off versus Ole Julian Bjorgvik-Holm in neutral zone.
10:29 of 2nd period - Minor Penalty to Nikolas Brouillard for Interference.
10:30 of 2nd period - Tyler Angle wins face-off versus Jake Leschyshyn in Hartford Wolf Pack zone.
10:47 of 2nd period - Snap shot by Tyler Angle.
10:47 of 2nd period - Shot Misses the Net.
10:57 of 2nd period - Trey Fix-Wolansky is hit by Turner Elson and loses puck.
11:54 of 2nd period - Adam Edstrom is hit by Mason Shaw and loses puck.
12:29 of 2nd period - Penalty to Nikolas Brouillard is over, Nikolas Brouillard is back on ice.
12:40 of 2nd period - Snap shot by Jake Leschyshyn.
12:40 of 2nd period - Stopped by Craig Anderson with a rebound.
12:42 of 2nd period - Slapshot by Matthew Robertson.
12:42 of 2nd period - Shot Misses the Net.
12:44 of 2nd period - Wrist shot by Jake Leschyshyn.
12:44 of 2nd period - Stopped by Craig Anderson with a rebound.
12:48 of 2nd period - Snap shot by Nikolas Brouillard.
12:48 of 2nd period - Stopped by Craig Anderson with a rebound.
12:50 of 2nd period - Slapshot by Lauri Pajuniemi.
12:50 of 2nd period - Stopped by Craig Anderson without a rebound.
12:51 of 2nd period - Carson Meyer wins face-off versus Anton Blidh in Cleveland Monsters zone.
13:08 of 2nd period - Adam Edstrom is hit by Georgii Merkulov and loses puck.
13:26 of 2nd period - Samuel Knazko is hit by Mac Hollowell and loses puck.
13:39 of 2nd period - Mason Shaw is hit by Matt Rempe and loses puck.
14:17 of 2nd period - Wrist shot by Georgii Merkulov.
14:17 of 2nd period - Shot Misses the Net.
14:30 of 2nd period - Icing by Mason Shaw.
14:31 of 2nd period - Bobby Trivigno wins face-off versus Tyler Angle in Cleveland Monsters zone.
14:34 of 2nd period - Snap shot by Anton Blidh.
14:34 of 2nd period - Deflect By Will Cuylle.
14:34 of 2nd period - Shot Blocked by Jake Christiansen.
14:34 of 2nd period - Puck is out of play.
14:35 of 2nd period - Jake Leschyshyn wins face-off versus Carson Meyer in Cleveland Monsters zone.
14:36 of 2nd period - Snap shot by Will Cuylle.
14:36 of 2nd period - Shot Misses the Net.
15:00 of 2nd period - Snap shot by Mac Hollowell.
15:00 of 2nd period - Stopped by Craig Anderson with a rebound.
15:27 of 2nd period - Minor Penalty to Brendan Gaunce for High sticking.
15:28 of 2nd period - Turner Elson wins face-off versus Mason Shaw in Cleveland Monsters zone.
15:34 of 2nd period - Wrist shot by Jake Leschyshyn.
15:34 of 2nd period - Goal by Jake Leschyshyn - Hartford Wolf Pack : 1 - Cleveland Monsters : 0.
15:35 of 2nd period - Jake Leschyshyn wins face-off versus Trey Fix-Wolansky in neutral zone.
15:38 of 2nd period - Slapshot by Mac Hollowell.
15:38 of 2nd period - Stopped by Craig Anderson without a rebound.
15:39 of 2nd period - Carson Meyer wins face-off versus Riley Nash in Cleveland Monsters zone.
15:44 of 2nd period - Slapshot by Samuel Knazko.
15:44 of 2nd period - Deflect By Trey Fix-Wolansky.
15:44 of 2nd period - Shot Misses the Net.
15:44 of 2nd period - Puck is out of play.
15:45 of 2nd period - Carson Meyer wins face-off versus Jake Leschyshyn in Hartford Wolf Pack zone.
15:54 of 2nd period - Snap shot by Mac Hollowell.
15:54 of 2nd period - Stopped by Craig Anderson with a rebound.
15:56 of 2nd period - Slapshot by Mac Hollowell.
15:56 of 2nd period - Deflect By Jake Leschyshyn.
15:56 of 2nd period - Stopped by Craig Anderson with a rebound.
16:33 of 2nd period - Snap shot by Riley Nash.
16:33 of 2nd period - Shot Blocked by Billy Sweezey.
16:45 of 2nd period - Slapshot by Mac Hollowell.
16:45 of 2nd period - Shot Misses the Net.
16:47 of 2nd period - Snap shot by Connor Mackey.
16:47 of 2nd period - Shot Blocked by Samuel Knazko.
16:49 of 2nd period - Wrist shot by Jake Leschyshyn.
16:49 of 2nd period - Goal by Jake Leschyshyn - Hartford Wolf Pack : 2 - Cleveland Monsters : 0.
16:50 of 2nd period - Bobby Trivigno wins face-off versus Tyler Angle in neutral zone.
17:05 of 2nd period - Icing by Matt Rempe.
17:06 of 2nd period - Brendan Gaunce wins face-off versus Bobby Trivigno in Hartford Wolf Pack zone.
17:19 of 2nd period - Snap shot by Bobby Trivigno.
17:19 of 2nd period - Stopped by Craig Anderson with a rebound.
17:21 of 2nd period - Snap shot by Nikolas Brouillard.
17:21 of 2nd period - Deflect By Bobby Trivigno.
17:21 of 2nd period - Stopped by Craig Anderson without a rebound.
17:22 of 2nd period - Tyler Angle wins face-off versus Jake Leschyshyn in Cleveland Monsters zone.
17:48 of 2nd period - Samuel Knazko is hit by Mac Hollowell and loses puck.
18:09 of 2nd period - Snap shot by Turner Elson.
18:09 of 2nd period - Stopped by Craig Anderson without a rebound.
18:10 of 2nd period - Karl Henriksson wins face-off versus Brendan Gaunce in Cleveland Monsters zone.
18:11 of 2nd period - Slapshot by Mac Hollowell.
18:11 of 2nd period - Shot Misses the Net.
18:35 of 2nd period - Turner Elson is hit by Damien Giroux and loses puck.
18:52 of 2nd period - Slapshot by Damien Giroux.
18:52 of 2nd period - Deflect By Georgii Merkulov.
18:52 of 2nd period - Shot Blocked by Connor Mackey.
18:52 of 2nd period - Puck is out of play.
18:53 of 2nd period - Tyler Angle wins face-off versus Jake Leschyshyn in Hartford Wolf Pack zone.
19:06 of 2nd period - Riley Nash is hit by Billy Sweezey and loses puck.
19:19 of 2nd period - Matthew Robertson is hit by Carson Meyer and loses puck.
19:24 of 2nd period - Wrist shot by Trey Fix-Wolansky.
19:24 of 2nd period - Stopped by Louis Domingue with a rebound.
19:26 of 2nd period - Wrist shot by Josh Dunne.
19:26 of 2nd period - Goal by Josh Dunne - Hartford Wolf Pack : 2 - Cleveland Monsters : 1.
19:27 of 2nd period - Jake Leschyshyn wins face-off versus Tyler Angle in neutral zone.
19:53 of 2nd period - Tim Berni is hit by Anton Blidh and loses puck.
19:58 of 2nd period - Slapshot by Braden Schneider.
19:58 of 2nd period - Deflect By Trey Fix-Wolansky.
19:58 of 2nd period - Stopped by Craig Anderson with a rebound.
Goals for this period are 2 for Hartford Wolf Pack vs 1 for Cleveland Monsters.
Shots for this period are 15 for Hartford Wolf Pack vs 3 for Cleveland Monsters.

3rd period


0:01 of 3rd period - Justin Danforth wins face-off versus Jake Leschyshyn in neutral zone.
0:08 of 3rd period - Snap shot by Tim Berni.
0:08 of 3rd period - Shot Blocked by Connor Mackey.
0:10 of 3rd period - Slapshot by Tim Berni.
0:10 of 3rd period - Shot Blocked by Connor Mackey.
0:12 of 3rd period - Snap shot by Tim Berni.
0:12 of 3rd period - Stopped by Louis Domingue without a rebound.
0:13 of 3rd period - Jake Leschyshyn wins face-off versus Carson Meyer in Hartford Wolf Pack zone.
0:24 of 3rd period - Backhand shot by Carson Meyer.
0:24 of 3rd period - Shot Misses the Net.
0:26 of 3rd period - Slapshot by Billy Sweezey.
0:26 of 3rd period - Stopped by Louis Domingue with a rebound.
0:28 of 3rd period - Snap shot by Josh Dunne.
0:28 of 3rd period - Stopped by Louis Domingue with a rebound.
0:34 of 3rd period - Minor Penalty to Connor Mackey for Interference.
0:35 of 3rd period - Jake Leschyshyn wins face-off versus Mason Shaw in Hartford Wolf Pack zone.
1:02 of 3rd period - Lauri Pajuniemi is hit by Tyler Angle and loses puck.
1:13 of 3rd period - Snap shot by Damien Giroux.
1:13 of 3rd period - Goal by Damien Giroux - Hartford Wolf Pack : 2 - Cleveland Monsters : 2.
1:14 of 3rd period - Tyler Angle wins face-off versus Anton Blidh in neutral zone.
1:19 of 3rd period - Wrist shot by Tyler Angle.
1:19 of 3rd period - Shot Blocked by Mac Hollowell.
1:21 of 3rd period - Wrist shot by Mason Shaw.
1:21 of 3rd period - Stopped by Louis Domingue without a rebound.
1:22 of 3rd period - Bobby Trivigno wins face-off versus Tyler Angle in Hartford Wolf Pack zone.
1:41 of 3rd period - Tyler Angle is hit by Matt Rempe.
1:55 of 3rd period - Slapshot by Stanislav Svozil.
1:55 of 3rd period - Stopped by Louis Domingue with a rebound.
1:56 of 3rd period - Mason Shaw beats up Matt Rempe.
1:56 of 3rd period - Penalty to Mason Shaw for Fighting.
1:56 of 3rd period - Penalty to Matt Rempe for Fighting.
1:56 of 3rd period - Penalty to Mason Shaw for instigated a fight.
1:56 of 3rd period - Penalty to Mason Shaw for instigated a fight.
1:57 of 3rd period - Tyler Angle wins face-off versus Turner Elson in Hartford Wolf Pack zone.
2:18 of 3rd period - Tyler Angle is hit by Jake Leschyshyn and loses puck.
2:29 of 3rd period - Slapshot by Mac Hollowell.
2:29 of 3rd period - Shot Misses the Net.
2:31 of 3rd period - Slapshot by Mac Hollowell.
2:31 of 3rd period - Stopped by Craig Anderson without a rebound.
2:32 of 3rd period - Riley Nash wins face-off versus Tyler Angle in Cleveland Monsters zone.
2:37 of 3rd period - Snap shot by Anton Blidh.
2:37 of 3rd period - Goal by Anton Blidh - Hartford Wolf Pack : 3 - Cleveland Monsters : 2.
2:38 of 3rd period - Jake Leschyshyn wins face-off versus Carson Meyer in neutral zone.
3:17 of 3rd period - Trey Fix-Wolansky is hit by Bobby Trivigno and loses puck.
4:15 of 3rd period - Karl Henriksson is hit by Georgii Merkulov and loses puck.
4:24 of 3rd period - Snap shot by Brendan Gaunce.
4:24 of 3rd period - Shot Misses the Net.
4:36 of 3rd period - Snap shot by Justin Danforth.
4:36 of 3rd period - Stopped by Louis Domingue without a rebound.
4:37 of 3rd period - Justin Danforth wins face-off versus Jake Leschyshyn in Hartford Wolf Pack zone.
4:38 of 3rd period - Slapshot by Tyler Angle.
4:38 of 3rd period - Deflect By Justin Danforth.
4:38 of 3rd period - Stopped by Louis Domingue without a rebound.
4:39 of 3rd period - Tyler Angle wins face-off versus Jake Leschyshyn in Hartford Wolf Pack zone.
4:40 of 3rd period - Slapshot by Stanislav Svozil.
4:40 of 3rd period - Shot Misses the Net.
4:48 of 3rd period - Wrist shot by Riley Nash.
4:48 of 3rd period - Stopped by Craig Anderson without a rebound.
4:49 of 3rd period - Jake Leschyshyn wins face-off versus Tyler Angle in Cleveland Monsters zone.
5:00 of 3rd period - Slapshot by Justin Danforth.
5:00 of 3rd period - Stopped by Louis Domingue without a rebound.
5:01 of 3rd period - Carson Meyer wins face-off versus Jake Leschyshyn in Hartford Wolf Pack zone.
5:04 of 3rd period - Snap shot by Carson Meyer.
5:04 of 3rd period - Deflect By Trey Fix-Wolansky.
5:04 of 3rd period - Stopped by Louis Domingue without a rebound.
5:05 of 3rd period - Josh Dunne wins face-off versus Jake Leschyshyn in Hartford Wolf Pack zone.
5:30 of 3rd period - Wrist shot by Justin Danforth.
5:30 of 3rd period - Stopped by Louis Domingue with a rebound.
5:32 of 3rd period - Wrist shot by Billy Sweezey.
5:32 of 3rd period - Stopped by Louis Domingue with a rebound.
5:34 of 3rd period - Slapshot by Billy Sweezey.
5:34 of 3rd period - Shot Misses the Net.
6:11 of 3rd period - Snap shot by Bobby Trivigno.
6:11 of 3rd period - Shot Misses the Net.
6:15 of 3rd period - Snap shot by Nikolas Brouillard.
6:15 of 3rd period - Deflect By Georgii Merkulov.
6:15 of 3rd period - Stopped by Craig Anderson with a rebound.
6:42 of 3rd period - Braden Schneider is hit by Trey Fix-Wolansky and loses puck.
10:08 of 3rd period - Icing by Jake Christiansen.
10:09 of 3rd period - Carson Meyer wins face-off versus Jake Leschyshyn in Cleveland Monsters zone.
10:16 of 3rd period - Trey Fix-Wolansky is hit by Riley Nash and loses puck.
10:41 of 3rd period - Minor Penalty to Anton Blidh for Hooking.
10:42 of 3rd period - Tyler Angle wins face-off versus Jake Leschyshyn in Hartford Wolf Pack zone.
10:45 of 3rd period - Wrist shot by Tyler Angle.
10:45 of 3rd period - Stopped by Louis Domingue without a rebound.
10:46 of 3rd period - Tyler Angle wins face-off versus Lauri Pajuniemi in Hartford Wolf Pack zone.
10:47 of 3rd period - Snap shot by Trey Fix-Wolansky.
10:47 of 3rd period - Stopped by Louis Domingue with a rebound.
10:49 of 3rd period - Slapshot by Quinn Schmiemann.
10:49 of 3rd period - Shot Misses the Net.
10:51 of 3rd period - Wrist shot by Justin Danforth.
10:51 of 3rd period - Shot Misses the Net.
10:53 of 3rd period - Backhand shot by Quinn Schmiemann.
10:53 of 3rd period - Shot Blocked by Nikolas Brouillard.
11:09 of 3rd period - Justin Danforth is hit by Jake Leschyshyn and loses puck.
11:31 of 3rd period - Slapshot by Billy Sweezey.
11:31 of 3rd period - Stopped by Louis Domingue without a rebound.
11:32 of 3rd period - Turner Elson wins face-off versus Josh Dunne in Hartford Wolf Pack zone.
11:39 of 3rd period - Snap shot by Brendan Gaunce.
11:39 of 3rd period - Shot Misses the Net.
11:41 of 3rd period - Snap shot by Damien Giroux.
11:41 of 3rd period - Stopped by Louis Domingue without a rebound.
11:42 of 3rd period - Jake Leschyshyn wins face-off versus Tyler Angle in Hartford Wolf Pack zone.
12:12 of 3rd period - Will Cuylle is hit by Tim Berni and loses puck.
12:41 of 3rd period - Penalty to Anton Blidh is over, Anton Blidh is back on ice.
13:09 of 3rd period - Snap shot by Turner Elson.
13:09 of 3rd period - Deflect By Damien Giroux.
13:09 of 3rd period - Shot Blocked by Georgii Merkulov.
13:09 of 3rd period - Puck is out of play.
13:10 of 3rd period - Karl Henriksson wins face-off versus Carson Meyer in Cleveland Monsters zone.
13:13 of 3rd period - Wrist shot by Turner Elson.
13:13 of 3rd period - Stopped by Craig Anderson with a rebound.
13:46 of 3rd period - Tyler Angle is hit by Turner Elson and loses puck.
14:02 of 3rd period - Backhand shot by Will Cuylle.
14:02 of 3rd period - Shot Misses the Net.
14:38 of 3rd period - Will Cuylle is hit by Brendan Gaunce and loses puck.
15:40 of 3rd period - Will Cuylle is hit by Trey Fix-Wolansky and loses puck.
16:03 of 3rd period - Minor Penalty to Quinn Schmiemann for Slashing.
16:04 of 3rd period - Turner Elson wins face-off versus Tyler Angle in Cleveland Monsters zone.
16:05 of 3rd period - Slapshot by Mac Hollowell.
16:05 of 3rd period - Shot Misses the Net.
16:23 of 3rd period - Mac Hollowell is hit by Jake Christiansen and loses puck.
16:37 of 3rd period - Slapshot by Nikolas Brouillard.
16:37 of 3rd period - Shot Misses the Net.
16:39 of 3rd period - Slapshot by Turner Elson.
16:39 of 3rd period - Shot Blocked by Billy Sweezey.
16:41 of 3rd period - Wrist shot by Jake Leschyshyn.
16:41 of 3rd period - Shot Misses the Net.
16:43 of 3rd period - Slapshot by Ryan Jones.
16:43 of 3rd period - Shot Misses the Net.
16:56 of 3rd period - 10 Minutes Misconduct Penalty to Mason Shaw is over.
17:03 of 3rd period - Slapshot by Lauri Pajuniemi.
17:03 of 3rd period - Shot Blocked by Justin Danforth.
17:05 of 3rd period - Slapshot by Lauri Pajuniemi.
17:05 of 3rd period - Stopped by Craig Anderson without a rebound.
17:06 of 3rd period - Mason Shaw wins face-off versus Anton Blidh in Cleveland Monsters zone.
17:35 of 3rd period - Ole Julian Bjorgvik-Holm is hit by Nikolas Brouillard and loses puck.
18:03 of 3rd period - Penalty to Quinn Schmiemann is over, Quinn Schmiemann is back on ice.
18:09 of 3rd period - Off-side.
18:10 of 3rd period - Carson Meyer wins face-off versus Adam Edstrom in neutral zone.
18:13 of 3rd period - Slapshot by Jake Christiansen.
18:13 of 3rd period - Shot Blocked by Connor Mackey.
18:15 of 3rd period - Wrist shot by Trey Fix-Wolansky.
18:15 of 3rd period - Deflect By Josh Dunne.
18:15 of 3rd period - Stopped by Louis Domingue with a rebound.
18:17 of 3rd period - Snap shot by Josh Dunne.
18:17 of 3rd period - Shot Blocked by Mac Hollowell.
18:19 of 3rd period - Wrist shot by Josh Dunne.
18:19 of 3rd period - Deflect By Trey Fix-Wolansky.
18:19 of 3rd period - Shot Misses the Net.
18:19 of 3rd period - Puck is out of play.
18:20 of 3rd period - Bobby Trivigno wins face-off versus Brendan Gaunce in Hartford Wolf Pack zone.
18:48 of 3rd period - Slapshot by Braden Schneider.
18:48 of 3rd period - Shot Misses the Net.
18:50 of 3rd period - Wrist shot by Jake Leschyshyn.
18:50 of 3rd period - Stopped by Craig Anderson with a rebound.
18:52 of 3rd period - Slapshot by Riley Nash.
18:52 of 3rd period - Stopped by Craig Anderson without a rebound.
18:53 of 3rd period - Pascal Vincent call a timeout for Cleveland Monsters.
18:53 of 3rd period - Mason Shaw wins face-off versus Jake Leschyshyn in Cleveland Monsters zone.
18:53 of 3rd period - Mason Shaw is hit by Ryan Jones.
19:18 of 3rd period - Minor Penalty to Will Cuylle for Roughing.
19:19 of 3rd period - Jake Leschyshyn wins face-off versus Mason Shaw in Hartford Wolf Pack zone.
19:27 of 3rd period - Cleveland Monsters, Craig Anderson is pulled from the net.
19:49 of 3rd period - Snap shot by Damien Giroux.
19:49 of 3rd period - Stopped by Louis Domingue with a rebound.
19:51 of 3rd period - Slapshot by Quinn Schmiemann.
19:51 of 3rd period - Stopped by Louis Domingue with a rebound.
19:53 of 3rd period - Slapshot by Quinn Schmiemann.
19:53 of 3rd period - Shot Misses the Net.
19:55 of 3rd period - Slapshot by Brendan Gaunce.
19:55 of 3rd period - Goal by Brendan Gaunce - Hartford Wolf Pack : 3 - Cleveland Monsters : 3.
19:55 of 3rd period - Craig Anderson from Cleveland Monsters was sent back in the game.
19:56 of 3rd period - Matt Rempe wins face-off versus Justin Danforth in neutral zone.
19:58 of 3rd period - Minor Penalty to Anton Blidh for Hooking.
19:59 of 3rd period - Jake Leschyshyn wins face-off versus Trey Fix-Wolansky in Hartford Wolf Pack zone.
Goals for this period are 1 for Hartford Wolf Pack vs 2 for Cleveland Monsters.
Shots for this period are 8 for Hartford Wolf Pack vs 20 for Cleveland Monsters.

Overtime #1


0:01 of 1st overtime period - Lauri Pajuniemi wins face-off versus Mason Shaw in neutral zone.
0:50 of 1st overtime period - Off-side.
0:51 of 1st overtime period - Mason Shaw wins face-off versus Lauri Pajuniemi in neutral zone.
1:58 of 1st overtime period - Penalty to Anton Blidh is over, Anton Blidh is back on ice.
2:11 of 1st overtime period - Icing by Quinn Schmiemann.
2:12 of 1st overtime period - Riley Nash wins face-off versus Mason Shaw in Cleveland Monsters zone.
2:31 of 1st overtime period - Wrist shot by Mason Shaw.
2:31 of 1st overtime period - Shot Misses the Net.
2:41 of 1st overtime period - Snap shot by Jake Leschyshyn.
2:41 of 1st overtime period - Shot Blocked by Quinn Schmiemann.
2:43 of 1st overtime period - Snap shot by Anton Blidh.
2:43 of 1st overtime period - Shot Hit the Post.
2:45 of 1st overtime period - Slapshot by Jake Leschyshyn.
2:45 of 1st overtime period - Shot Misses the Net.
3:25 of 1st overtime period - Wrist shot by Mac Hollowell.
3:25 of 1st overtime period - Deflect By Tyler Angle.
3:25 of 1st overtime period - Stopped by Craig Anderson without a rebound.
3:26 of 1st overtime period - Riley Nash wins face-off versus Tyler Angle in Cleveland Monsters zone.
3:29 of 1st overtime period - Snap shot by Riley Nash.
3:29 of 1st overtime period - Stopped by Craig Anderson without a rebound.
3:30 of 1st overtime period - Riley Nash wins face-off versus Josh Dunne in Cleveland Monsters zone.
3:33 of 1st overtime period - Slapshot by Riley Nash.
3:33 of 1st overtime period - Stopped by Craig Anderson without a rebound.
3:34 of 1st overtime period - Josh Dunne wins face-off versus Riley Nash in Cleveland Monsters zone.
3:39 of 1st overtime period - Snap shot by Carson Meyer.
3:39 of 1st overtime period - Shot Misses the Net.
3:45 of 1st overtime period - Snap shot by Carson Meyer.
3:45 of 1st overtime period - Stopped by Louis Domingue with a rebound.
3:59 of 1st overtime period - Backhand shot by Will Cuylle.
3:59 of 1st overtime period - Shot Misses the Net.
Goals for this period are 0 for Hartford Wolf Pack vs 0 for Cleveland Monsters.
Shots for this period are 3 for Hartford Wolf Pack vs 1 for Cleveland Monsters.

ShootOut


5:00 of 1st overtime period - Round #1.
5:00 of 1st overtime period - Hartford Wolf Pack, Lauri Pajuniemi.
5:00 of 1st overtime period - Wrist shot by Lauri Pajuniemi.
5:00 of 1st overtime period - Shot Misses the Net.
5:00 of 1st overtime period - Cleveland Monsters, Tyler Angle.
5:00 of 1st overtime period - Snap shot by Tyler Angle.
5:00 of 1st overtime period - Stopped by Louis Domingue.
5:00 of 1st overtime period - Round #2.
5:00 of 1st overtime period - Hartford Wolf Pack, Bobby Trivigno.
5:00 of 1st overtime period - Deke by Bobby Trivigno.
5:00 of 1st overtime period - Stopped by Craig Anderson.
5:00 of 1st overtime period - Cleveland Monsters, Mason Shaw.
5:00 of 1st overtime period - Wrist shot by Mason Shaw.
5:00 of 1st overtime period - Shot Misses the Net.
5:00 of 1st overtime period - Round #3.
5:00 of 1st overtime period - Hartford Wolf Pack, Adam Edstrom.
5:00 of 1st overtime period - Backhand shot by Adam Edstrom.
5:00 of 1st overtime period - Goal by Adam Edstrom.
5:00 of 1st overtime period - Cleveland Monsters, Justin Danforth.
5:00 of 1st overtime period - Deke by Justin Danforth.
5:00 of 1st overtime period - Shot Misses the Net.